 Dungeon Crawl Stone Soup version 0.21-a0-39-g28ea6b7 (console) character file.

77773 nht the Sharpshooter (level 15, 0/130 HPs)
             Began as a Minotaur Hunter on May 31, 2017.
             Was a High Priest of Okawaru.
             Shot with a bolt by a yaktaur (22 damage)
             ... on level 13 of the Dungeon.
             The game lasted 00:37:41 (21447 turns).

nht the Sharpshooter (Minotaur Hunter)             Turns: 21447, Time: 00:37:42

Health: 0/130      AC: 16    Str: 26    XL:     15   Next: 16%
Magic:  0/29       EV: 17    Int:  8    God:    Okawaru [*****.]
Gold:   239        SH:  0    Dex: 11    Spells: 14/14 levels left

rFire    + . .     SeeInvis .   a - +1 arbalest (velocity)
rCold    . . .     Gourm    .   (shield currently unavailable)
rNeg     . . .     Faith    .   S - +3 troll leather armour {Snorg}
rPois    .         Spirit   +   q - +0 hat
rElec    .         Reflect  .   P - +0 cloak {MR+}
rCorr    .         Harm     .   j - +1 pair of gloves {Str+3}
MR       ++...                  A - +2 pair of boots {Stlth+}
Stlth    ++........             D - amulet of guardian spirit
Regen    0.8/turn               M - ring of magical power
MPRegen  0.3/turn               s - ring of protection from fire

@: no status effects
A: retaliatory headbutt, horns 2, blurry vision 1
a: Heroism, Finesse, Renounce Religion


You were on level 13 of the Dungeon.
You worshipped Okawaru.
Okawaru was extremely pleased with you.
You were not hungry.

You visited 4 branches of the dungeon, and saw 22 of its levels.
You also visited: Sewer.

You collected 2021 gold pieces.
You spent 1782 gold pieces at shops.

Inventory:

Hand Weapons
 a - a +1 arbalest of velocity (weapon)
 c - a +0 dagger of speed
 z - a +2 trident of flaming
 B - the +7 long sword "Kaat" {slice, Int+2 Dex+5}
   (You found it on level 2 of the Lair of Beasts)

   It inflicts extra damage upon your enemies.
   It affects your intelligence (+2).
   It affects your dexterity (+5).
 W - a +2 dagger of electrocution
Missiles
 d - 232 bolts (quivered)
Armour
 j - a +1 pair of gloves of strength (worn)
 k - the +0 pair of gloves "Lites" {rC- Int+3 Slay+4}
   (You found it on level 4 of the Dungeon)

   It affects your intelligence (+3).
   It affects your accuracy and damage with ranged weapons and melee attacks
   (+4).
   It makes you vulnerable to cold.
 q - a +0 hat (worn)
 A - a +2 pair of boots of stealth (worn)
 P - a +0 cloak of magic resistance (worn)
 S - a +3 troll leather armour (worn) {Snorg}
Jewellery
 i - an uncursed ring of positive energy
 s - a ring of protection from fire (right hand)
 D - an amulet of guardian spirit (around neck)
 G - an uncursed ring of flight
 M - a ring of magical power (left hand)
Wands
 N - a wand of digging (4/24)
 Q - a wand of digging (8/24)
 R - a wand of digging (6/24)
 U - a wand of clouds (3/9)
 V - a wand of random effects (12/48)
Scrolls
 b - 4 scrolls of recharging
 h - 7 scrolls of enchant armour
 n - 2 scrolls of blinking
 r - 2 scrolls of enchant weapon
 t - 5 scrolls of fog
 v - 8 scrolls of teleportation
 w - 13 scrolls of remove curse
 E - a scroll of fear
 H - a scroll of magic mapping
 L - a scroll of holy word
Potions
 e - 5 potions of brilliance
 g - 10 potions of curing
 o - 4 potions of haste
 p - 3 potions of agility
 u - 5 potions of flight
 x - a potion of invisibility
 C - 6 potions of heal wounds
 O - 2 potions of resistance
 T - 5 potions of lignification
 X - 2 potions of berserk rage
 Y - 2 potions of ambrosia
 Z - a potion of cancellation
Books
 l - the Incunabulum of Lethal Orientation
   (You found it on level 6 of the Lair of Beasts)

   Spells                             Type                      Level
   a - Apportation                    Translocation                1
   b - Throw Flame                    Conjuration/Fire             2
   c - Blink                          Translocation                2
   d - Static Discharge               Conjuration/Air              3
   e - Dazzling Spray                 Conjuration/Hexes            3
   f - Throw Icicle                   Conjuration/Ice              4
   g - Passage of Golubria            Translocation                4
Miscellaneous
 I - a lightning rod (4/4)
Comestibles
 f - 14 bread rations
 m - 13 meat rations
 K - 22 royal jellies


   Skills:
 + Level 11.4 Fighting
 * Level 19.6 Crossbows
 + Level 11.3 Armour
 + Level 10.7 Dodging
 - Level 0.7 Stealth
 + Level 9.0 Invocations
 + Level 5.5 Evocations


You had 14 spell levels left.
You didn't know any spells.

Dungeon Overview and Level Annotations

Branches:
Dungeon (13/15)            Temple (1/1) D:6            Lair (6/6) D:9
  Swamp (0/4) Lair:3        Snake (0/4) Lair:2        Slime (0/5) Lair:5
    Orc (2/2) D:12            Elf (0/3) Orc:2
 Vaults: D:13-14

Altars:
Ashenzari
Cheibriados
Dithmenos
Elyvilon
Fedhas
Gozag
Hepliaklqana
Kikubaaqudgha
Makhleb
Nemelex Xobeh
Okawaru
Qazlal
Ru
Sif Muna
Trog
Uskayaw
Vehumet
Wu Jian
Xom
Yredelemnul
Zin
The Shining One
Beogh

Shops:
D:4 %   D:8 [   D:9 !   Orc:2 [}!([

Portals:
Trove: D:12 (give +4 ice dragon scales)

Annotations:
D:5 dig


Innate Abilities, Weirdness & Mutations

You reflexively headbutt those who attack you in melee.
You have a pair of horns on your head.
Scrolls take you a little longer to read.


Message History

Firing (i - inventory):
d - 234 bolts (quivered)
Press: ? - help, Shift-Dir - straight line, f/p - yaktaur
Aim: a yaktaur, wielding an arbalest (lightly wounded)
You shoot a bolt. The bolt hits the yaktaur!!
The yaktaur is almost dead.
The yaktaur shoots a bolt.
The bolt hits you.
The yaktaur shoots a bolt.
The bolt hits you!!
* * * LOW HITPOINT WARNING * * *
Firing (i - inventory):
d - 233 bolts (quivered)
Press: ? - help, Shift-Dir - straight line, f/p - yaktaur
Aim: a yaktaur, wielding an arbalest (almost dead)
You shoot a bolt. The bolt hits the yaktaur!
You kill the yaktaur!
Okawaru accepts your kill.
The yaktaur shoots a bolt.
The bolt hits you!
* * * LOW HITPOINT WARNING * * *
You are too injured to fight recklessly!
Really read with blurry vision while enemies are nearby?
The yaktaur shoots a bolt.
The bolt hits you!!
You die...

...................
...................
........██████.....
████....█ █...██ █....█
█...█ █....█ █...█
█....██████...█
█)c██████.............█
(.)....@...............
..c.....(..............
█....................██
█..█████████...████..
█. █...█ . █ █...█
█...█ █....


You could see 2 yaktaurs.

Vanquished Creatures
  Kirke (Lair:4)
  An orc warlord (Orc:2)
  A stone giant (Orc:1)
  The ghost of tilp the Destroyer, a journeyman HOFE of Vehumet (D:11)
  Snorg (Orc:1)
  A catoblepas (Lair:6)
  6 hydras
  A death knight (D:12)
  14 death yaks
  5 two-headed ogres
  A deep troll shaman (Lair:6)
  3 ogre magi (Orc:2)
  An orc high priest (Orc:1)
  Nergalle (Lair:3)
  A lindwurm (Lair:6)
  2 orc knights
  A cyclops (D:12)
  8 orc sorcerers
  A deep elf mage (D:12)
  2 ugly things (D:11)
  5 elephants (Lair:6)
  8 black mambas
  Maurice (D:11)
  A gargoyle (D:10)
  2 centaur zombies
  8 spiny frogs
  2 yaktaurs (D:13)
  The ghost of Duffy the Conjurer, a novice DsFE (D:4)
  8 komodo dragons
  2 freezing wraiths (D:12)
  4 rime drakes
  An efreet (D:13)
  A queen bee (Lair:5)
  2 trolls (D:12)
  A polar bear (Lair:3)
  3 meliai (Lair:5)
  8 blink frogs
  6 slime creatures (D:12)
  16 dream sheep
  10 hippogriffs
  Sigmund (D:4)
  2 wraiths (D:12)
  2 wyverns
  3 hogs (Lair:4)
  27 yaks
  3 vampires
  A basilisk (Lair:3)
  8 vampire mosquitoes
  4 wargs
  An acid dragon (D:13)
  20 water moccasins
  22 orc warriors
  11 porcupines
  4 ice beasts
  A phantom (D:4)
  A swamp drake (D:12)
  2 eyes of draining (D:12)
  2 black bears
  A sky beast (D:8)
  21 wolves
  A necrophage (D:5)
  23 ogres
  3 centaurs
  11 crocodiles
  16 bullfrogs
  6 scorpions
  33 killer bees
  9 wights
  2 electric eels (Lair:3)
  4 crimson imps
  17 orc priests
  4 hounds
  3 jellies
  3 bullfrog skeletons
  3 centaur skeletons
  33 orc wizards
  4 hell rats (Lair:6)
  2 iguanas
  13 worker ants
  Robin (D:2)
  3 gnolls (D:6)
  23 adders
  3 river rats (D:9)
  2 shadow imps
  An adder skeleton (D:4)
  An adder zombie (D:7)
  A worm (D:2)
  2 dart slugs
  5 leopard geckos
  73 orcs
  4 bats
  18 giant cockroaches
  9 goblins
  7 hobgoblins
  6 jackals
  8 quokkas
  9 ball pythons
  7 frilled lizards
  9 kobolds
  A leopard gecko skeleton (D:5)
  7 rats
670 creatures vanquished.

Vanquished Creatures (others)
  A sky beast (D:10)
  A bush (Lair:6)
  12 fungi
  10 plants (Lair:6)
24 creatures vanquished.

Grand Total: 694 creatures vanquished

Notes
Turn   | Place    | Note
-------+----------+-------------------------------------------
     0 | D:1      | nht the Minotaur Hunter began the quest for the Orb.
     0 | D:1      | Reached XP level 1. HP: 18/18 MP: 0/0
   291 | D:1      | Reached XP level 2. HP: 24/25 MP: 1/1
   371 | D:1      | Reached skill level 5 in Crossbows
   843 | D:2      | Reached XP level 3. HP: 22/30 MP: 2/2
  1009 | D:2      | Reached skill level 6 in Crossbows
  1041 | D:2      | Reached XP level 4. HP: 37/37 MP: 3/3
  1115 | D:2      | Noticed Robin
  1124 | D:2      | Killed Robin
  1792 | D:4      | Noticed a phantom
  1807 | D:4      | Killed a phantom
  1807 | D:4      | Reached skill level 7 in Crossbows
  1807 | D:4      | Reached XP level 5. HP: 42/42 MP: 4/4
  1859 | D:4      | Found a glowing drain.
  1909 | Sewer    | Entered a sewer
  2129 | Sewer    | Reached skill level 8 in Crossbows
  2129 | Sewer    | Reached XP level 6. HP: 37/50 MP: 5/5
  2618 | D:4      | Reached skill level 9 in Crossbows
  2639 | D:4      | Reached XP level 7. HP: 56/56 MP: 6/6
  2654 | D:4      | Noticed Duffy's ghost (novice DsFE)
  2672 | D:4      | Killed Duffy's ghost
  2672 | D:4      | Reached skill level 10 in Crossbows
  3164 | D:3      | Found an opulent altar of Gozag.
  3164 | D:3      | Found an ancient bone altar of Kikubaaqudgha.
  3175 | D:3      | Found a snail-covered altar of Cheibriados.
  3182 | D:3      | Found a stormy altar of Qazlal.
  3182 | D:3      | Found a burning altar of Makhleb.
  3182 | D:3      | Found a basalt altar of Yredelemnul.
  3414 | D:3      | Reached skill level 1 in Armour
  3601 | D:4      | Noticed Sigmund
  3608 | D:4      | Killed Sigmund
  3608 | D:4      | Reached XP level 8. HP: 64/64 MP: 7/7
  4040 | D:4      | Found Afiyduwa's Food Emporium.
  4301 | D:4      | Got a pair of jewelled gloves
  4312 | D:4      | Identified the +0 pair of gloves "Lites" {rC- Int+3 Slay+4} (You found it on level 4 of the Dungeon)
  4366 | D:5      | Entered Level 5 of the Dungeon
  4738 | D:5      | Reached skill level 11 in Crossbows
  4972 | D:5      | Reached skill level 5 in Fighting
  5169 | D:6      | Found a staircase to the Ecumenical Temple.
  5192 | Temple   | Entered the Ecumenical Temple
  5343 | Temple   | Became a worshipper of Warmaster Okawaru
  5843 | D:6      | Reached XP level 9. HP: 74/74 MP: 8/8
  6244 | D:7      | Reached skill level 5 in Dodging
  6244 | D:7      | Reached skill level 1 in Invocations
  6281 | D:7      | Reached * piety under Okawaru
  6492 | D:7      | Reached skill level 5 in Armour
  6995 | D:8      | Reached ** piety under Okawaru
  7065 | D:8      | Reached skill level 12 in Crossbows
  7268 | D:8      | Reached XP level 10. HP: 84/84 MP: 9/11
  7335 | D:8      | Found Foofot's Antique Armour Emporium.
  7337 | D:8      | Found an iron altar of Okawaru.
  7338 | D:8      | Bought a jet-encrusted ring mail for 270 gold pieces
  7348 | D:8      | Identified the +1 ring mail of the Black Moon {Int+4} (You bought it in a shop on level 8 of the Dungeon)
  7570 | D:9      | Noticed a death yak
  7572 | D:9      | Noticed a death yak
  7651 | D:9      | Found Tat Ahor's Distillery.
  7651 | D:9      | Noticed a two-headed ogre
  7658 | D:9      | Killed a two-headed ogre
  7658 | D:9      | Reached *** piety under Okawaru
  7745 | D:9      | Bought a potion of haste for 140 gold pieces
  7745 | D:9      | Bought a potion of lignification for 42 gold pieces
  7745 | D:9      | Bought a potion of degeneration for 14 gold pieces
  8023 | D:9      | Noticed a death yak
  8026 | D:10     | Entered Level 10 of the Dungeon
  8148 | D:10     | Reached **** piety under Okawaru
  8178 | D:10     | Noticed a two-headed ogre
  8182 | D:10     | Killed a two-headed ogre
  8182 | D:10     | Reached skill level 13 in Crossbows
  8288 | D:10     | Noticed a gargoyle
  8289 | D:10     | Killed a gargoyle
  8765 | D:9      | Killed a death yak
  8765 | D:9      | Received a gift from Okawaru
  8808 | D:9      | Reached XP level 11. HP: 76/94 MP: 11/13
  8846 | D:9      | Found a staircase to the Lair.
  8938 | D:9      | Received a gift from Okawaru
  9263 | Lair:1   | Entered Level 1 of the Lair of Beasts
  9369 | Lair:1   | Reached ***** piety under Okawaru
  9472 | Lair:1   | Reached skill level 5 in Invocations
  9767 | Lair:1   | Noticed an eight-headed hydra
  9777 | Lair:1   | Killed an eight-headed hydra
  9952 | Lair:2   | Reached skill level 14 in Crossbows
  9968 | Lair:2   | Received a gift from Okawaru
 10082 | Lair:2   | Received a gift from Okawaru
 10168 | Lair:2   | Found a staircase to the Snake Pit.
 10610 | Lair:2   | Received a gift from Okawaru
 10657 | Lair:2   | Got a translucent long sword
 11255 | Lair:3   | Noticed Nergalle
 11376 | Lair:3   | Reached skill level 15 in Crossbows
 11376 | Lair:3   | Reached XP level 12. HP: 104/104 MP: 15/15
 11416 | Lair:3   | Killed Nergalle
 11449 | Lair:3   | Found a staircase to the Swamp.
 11793 | Lair:3   | Noticed a seven-headed hydra
 11799 | Lair:3   | Killed a seven-headed hydra
 12310 | Lair:4   | Noticed a five-headed hydra
 12317 | Lair:4   | Killed a five-headed hydra
 12317 | Lair:4   | Reached skill level 16 in Crossbows
 12569 | Lair:4   | Noticed Kirke
 12687 | Lair:4   | Received a gift from Okawaru
 12796 | Lair:4   | Noticed a sphinx
 13344 | Lair:4   | Reached skill level 17 in Crossbows
 13470 | Lair:4   | Killed Kirke
 13543 | Lair:4   | Noticed a death yak
 13544 | Lair:4   | Noticed a death yak
 13547 | Lair:4   | Noticed a death yak
 13548 | Lair:4   | Killed a death yak
 13551 | Lair:4   | Killed a death yak
 13552 | Lair:4   | Killed a death yak
 13552 | Lair:4   | Received a gift from Okawaru
 13553 | Lair:4   | Noticed a death yak
 13554 | Lair:4   | Noticed a death yak
 13561 | Lair:4   | Killed a death yak
 13566 | Lair:4   | Killed a death yak
 13566 | Lair:4   | Reached skill level 18 in Crossbows
 13566 | Lair:4   | Reached XP level 13. HP: 111/111 MP: 16/16
 14161 | Lair:5   | Found a staircase to the Slime Pits.
 14268 | Lair:5   | Reached skill level 1 in Evocations
 14879 | Lair:6   | Entered Level 6 of the Lair of Beasts
 15447 | Lair:5   | Gained mutation: Scrolls take you a little longer to read. [potion of mutation]
 15447 | Lair:5   | Gained mutation: You are frail. (-10% HP) [potion of mutation]
 15447 | Lair:5   | Lost mutation: You are frail. (-10% HP) [potion of mutation]
 15603 | Lair:5   | Received a gift from Okawaru
 16116 | Lair:6   | Received a gift from Okawaru
 16121 | Lair:6   | Reached ****** piety under Okawaru
 16121 | Lair:6   | Reached skill level 10 in Fighting
 16125 | Lair:6   | Received a gift from Okawaru
 16157 | Lair:6   | Identified the +7 long sword "Kaat" {slice, Int+2 Dex+5} (You found it on level 2 of the Lair of Beasts)
 16333 | Lair:6   | Received a gift from Okawaru
 16469 | Lair:6   | Received a gift from Okawaru
 16874 | Lair:6   | Reached skill level 10 in Armour
 16899 | Lair:6   | Reached XP level 14. HP: 121/121 MP: 18/18
 16903 | Lair:6   | Received a gift from Okawaru
 17240 | Lair:6   | Identified the Incunabulum of Lethal Orientation
 17621 | D:11     | Noticed tilp's ghost (journeyman HOFE)
 17636 | D:11     | Killed tilp's ghost
 17636 | D:11     | Reached skill level 19 in Crossbows
 17903 | D:11     | Noticed Maurice
 17905 | D:11     | Killed Maurice
 18415 | D:12     | Reached skill level 10 in Dodging
 18584 | D:12     | Found a portal to a secret trove of treasure.
 18934 | D:12     | Received a gift from Okawaru
 19009 | D:12     | Received a gift from Okawaru
 19033 | D:12     | Found a staircase to the Orcish Mines.
 19131 | Orc:1    | Entered Level 1 of the Orcish Mines
 19131 | Orc:1    | Noticed a stone giant
 19436 | Orc:1    | Killed a stone giant
 19436 | Orc:1    | Received a gift from Okawaru
 19436 | Orc:1    | Reached skill level 5 in Evocations
 19871 | Orc:2    | Entered Level 2 of the Orcish Mines
 19871 | Orc:2    | Found Baecaf's Armour Boutique.
 19875 | Orc:2    | Noticed an orc warlord
 19887 | Orc:2    | Killed an orc warlord
 19887 | Orc:2    | Received a gift from Okawaru
 20113 | Orc:2    | Found a staircase to the Elven Halls.
 20489 | Orc:1    | Noticed Snorg
 20500 | Orc:1    | Killed Snorg
 20662 | Orc:2    | Reached XP level 15. HP: 130/130 MP: 20/20
 20668 | Orc:2    | Found Sew Osk's Antique Weapon Shop.
 20700 | Orc:2    | Found an ancient bone altar of Kikubaaqudgha.
 20732 | Orc:2    | Found Coba's Gadget Boutique.
 20830 | Orc:2    | Found Tiwno's Distillery.
 20863 | Orc:2    | Found a radiant altar of Vehumet.
 20920 | Orc:2    | Found a roughly hewn altar of Beogh.
 20946 | Orc:2    | Found Qebizece's Antique Armour Shop.
 21020 | Orc:2    | Bought a potion of lignification for 42 gold pieces
 21020 | Orc:2    | Bought a potion of berserk rage for 70 gold pieces
 21020 | Orc:2    | Bought a potion of curing for 42 gold pieces
 21020 | Orc:2    | Bought a potion of resistance for 140 gold pieces
 21020 | Orc:2    | Bought a potion of heal wounds for 70 gold pieces
 21020 | Orc:2    | Bought a potion of lignification for 42 gold pieces
 21020 | Orc:2    | Bought a potion of haste for 140 gold pieces
 21020 | Orc:2    | Bought a potion of curing for 42 gold pieces
 21020 | Orc:2    | Bought a potion of ambrosia for 112 gold pieces
 21230 | D:9      | Bought a potion of lignification for 42 gold pieces
 21230 | D:9      | Bought 2 potions of lignification for 84 gold pieces
 21230 | D:9      | Bought a potion of cancellation for 112 gold pieces
 21230 | D:9      | Bought a potion of ambrosia for 112 gold pieces
 21230 | D:9      | Bought a potion of berserk rage for 70 gold pieces
 21230 | D:9      | Bought a potion of flight for 42 gold pieces
 21230 | D:9      | Bought a potion of curing for 42 gold pieces
 21230 | D:9      | Bought a potion of curing for 42 gold pieces
 21230 | D:9      | Bought a potion of heal wounds for 70 gold pieces
 21447 | D:13     | Shot with a bolt by a yaktaur

Vault maps used:
D:1:      dpeg_arrival_rooms_c
D:2:      serial_park_tiny_2, supply_closet_lemuel, uniq_robin
D:3:      grunt_temple_overflow_open, gammafunk_temple_overflow_wave,
          first_bread, hangedman_decor_opposing
D:4:      cheibrodos_sewer_entry_drain, serial_shops, shop, uniq_sigmund
D:5:      due_unseen_surprise
D:6:      temple_statues
D:8:      serial_shops, shop, okawaru_metal_pillars_1_2
D:9:      dpeg_lair_monsters, serial_shops, shop
D:10:     serial_curves, eino_curves_01, eino_curves_01
D:11:     uniq_maurice
D:12:     erik_orc_1, enter_trove_1
D:13:     erik_vaults_1, serial_shops, shop
Temple:   eino_temple_scatter_basement
Lair:1:   grunt_megastairs_2
Lair:2:   minmay_snake_entry_six_corridors, grunt_megastairs_4
Lair:3:   swamp_mist, serial_bayou_shore_a, grunt_megastairs_5, uniq_nergalle
Lair:4:   st_stairs_5, uniq_kirke
Lair:5:   dpeg_slime_entry_corner, special_room
Lair:6:   grunt_lair_end_beastmaster
Orc:1:    uniq_snorg
Orc:2:    kennysheep_orc_mage_school, serial_shops, shop_fountains
Sewer:    sewer_frog_island_01

Skill      XL: |  1  2  3  4  5  6  7  8  9 10 11 12 13 14 15 |
---------------+----------------------------------------------+-----
Crossbows      | 5 6 7 8 9 10 11 12 13 15 18 19 | 19.6
Armour         | 2 4 6 7 8 10 11 | 11.3
Fighting       | 3 5 6 8 9 10 11 | 11.4
Dodging        | 3 4 5 7 8 9 10 | 10.7
Invocations    | 2 4 6 7 8 9 |  9.0
Evocations     | 3 5 |  5.5
Stealth        | |  0.7

Action                   |  1- 3 |  4- 6 |  7- 9 | 10-12 | 13-15 || total
-------------------------+-------+-------+-------+-------+-------++-------
Melee: Arbalest          |       |       |       |       |     3 ||     3
 Fire: Hand crossbow     |    61 |   129 |   322 |   422 |       ||   934
       Arbalest          |       |       |       |   205 |   992 ||  1197
Invok: Finesse           |       |       |       |     5 |    12 ||    17
       Heroism           |       |       |       |     2 |     8 ||    10
Evoke: Wand              |       |       |       |       |     1 ||     1
  Use: Scroll            |     5 |     8 |     8 |     3 |     7 ||    31
       Potion            |       |     1 |     1 |     4 |     7 ||    13
  Eat: Chunk             |       |     5 |     8 |    16 |    19 ||    48
       Fruit             |       |       |     7 |     2 |     1 ||    10
       Meat ration       |       |       |       |       |     1 ||     1
Armor: Leather armour    |     2 |     6 |       |       |       ||     8
       Chain mail        |       |    12 |     8 |       |       ||    20
       Plate armour      |       |       |    33 |   192 |   223 ||   448
       Skin              |       |       |       |     5 |       ||     5
       Troll leather arm |       |       |       |       |     8 ||     8
Dodge: Dodged            |     6 |    22 |    51 |   144 |   343 ||   566
